TOP OF THE 1ST |
Nashville Outlaws batting - Pitching for Montana Pandas : RHP Dusty Fox
|
Pitching: RHP Dusty Fox
|
|
Batting: LHB Daniel Page
|
0-0: Called Strike 0-1: Called Strike 0-2: Foul Ball, location: 2F 0-2: Foul Ball, location: 2F 0-2: Strikes out swinging
|
Batting: LHB Juan Santángel
|
0-0: Swinging Strike 0-1: Ball 1-1: Called Strike 1-2: Ball 2-2: Foul Ball, location: 2F 2-2: Ball 3-2: Base on Balls
|
Batting: LHB Nikolai Volkoff
|
0-0: Ball 1-0: Called Strike 1-1: Swinging Strike 1-2: SINGLE (Line Drive, 9S, EV 94.4 MPH) Juan Santángel to second Runner from 2nd tries for 3rd, SAFE, no throw by RF
|
Batting: RHB Shimei Miura
|
0-0: Ball 1-0: Ball 2-0: Grounds into double play, 6-4-3 (Groundball, 6, EV 87.5 MPH)
|
Top of the 1st over - 0 runs, 1 hit, 0 errors, 1 left on base; Nashville 0 - Montana 0 |
BOTTOM OF THE 1ST |
Montana Pandas batting - Pitching for Nashville Outlaws : RHP Ramón Flores
|
Pitching: RHP Ramón Flores
|
|
Batting: SHB Gerrie Bond
|
0-0: Fly out, F4 (Popup, 23, EV 90.6 MPH)
|
Batting: RHB Holden Ford
|
0-0: Ball 1-0: Called Strike 1-1: Ball 2-1: Ball 3-1: Reached on error, E6 (Groundball, 6, EV 78.1 MPH)
|
Batting: LHB Dean Jackson
|
0-0: Ball 1-0: Called Strike 1-1: Ball 2-1: 2-RUN HOME RUN (Flyball, 89XD, EV 98.1 MPH), Distance : 410 ft
|
Batting: LHB Bharti Mona
|
0-0: Ball 1-0: Called Strike 1-1: Called Strike 1-2: Strikes out swinging
|
Batting: RHB Tony Randolph
|
0-0: Ball 1-0: Foul Ball, location: 2F 1-1: Ground out 3-1 (Groundball, 34, EV 76.2 MPH)
|
Bottom of the 1st over - 2 runs, 1 hit, 1 error, 0 left on base; Nashville 0 - Montana 2 |
TOP OF THE 2ND |
Nashville Outlaws batting - Pitching for Montana Pandas : RHP Dusty Fox
|
Batting: RHB Jong-yun Rhee
|
0-0: Called Strike 0-1: SINGLE (Line Drive, 9S, EV 96.9 MPH)
|
Batting: RHB Broderick Sarcoma
|
0-0: Called Strike 0-1: SINGLE (Groundball, 34D, EV 105.0 MPH) Jong-yun Rhee to second
|
Batting: LHB Bartolo Soto
|
0-0: Ball 1-0: SINGLE (Line Drive, 78M, EV 90.6 MPH) Jong-yun Rhee to third Broderick Sarcoma to second
|
Batting: LHB Duff Eckstein
|
0-0: Ball 1-0: TRIPLE (Line Drive, 8LXD, EV 108.8 MPH) Jong-yun Rhee scores Broderick Sarcoma scores Bartolo Soto scores
|
Batting: LHB Wilson Hernández
|
0-0: Called Strike 0-1: Foul Ball, location: 2F 0-2: Ball 1-2: Foul Ball, location: 2F 1-2: Strikes out looking
|
Batting: LHB Daniel Page
|
0-0: Called Strike 0-1: Ball 1-1: Swinging Strike 1-2: Ball 2-2: Ground out 4-3 (Groundball, 4, EV 109.4 MPH) Duff Eckstein scores
|
Batting: LHB Juan Santángel
|
0-0: Ball 1-0: Called Strike 1-1: Ground out U3 (Groundball, 3S, EV 80.0 MPH)
|
Top of the 2nd over - 4 runs, 4 hits, 0 errors, 0 left on base; Nashville 4 - Montana 2 |
BOTTOM OF THE 2ND |
Montana Pandas batting - Pitching for Nashville Outlaws : RHP Ramón Flores
|
Batting: LHB Robbie Brendle
|
0-0: Bunt missed! 0-1: Ground out 6-3 (Groundball, 6M, EV 88.8 MPH)
|
Batting: SHB Chris Piña
|
0-0: Ball 1-0: Ground out 1-3 (Groundball, 34S, EV 66.2 MPH)
|
Batting: LHB António Casas
|
0-0: Ball 1-0: Foul Ball, location: 2F 1-1: Fly out, F8 (Flyball, 78D, EV 86.9 MPH)
|
Bottom of the 2nd over - 0 runs, 0 hits, 0 errors, 0 left on base; Nashville 4 - Montana 2 |
TOP OF THE 3RD |
Nashville Outlaws batting - Pitching for Montana Pandas : RHP Dusty Fox
|
Batting: LHB Nikolai Volkoff
|
0-0: Called Strike 0-1: SINGLE (Line Drive, 8RS, EV 101.9 MPH)
|
Batting: RHB Shimei Miura
|
0-0: Ball 1-0: 2-RUN HOME RUN (Flyball, 7D, EV 103.1 MPH), Distance : 347 ft
|
Batting: RHB Jong-yun Rhee
|
0-0: Called Strike 0-1: Ball 1-1: Swinging Strike 1-2: Ball 2-2: Ball 3-2: Base on Balls
|
Pitching: RHP Salvador Sagastizabal
|
|
Batting: RHB Broderick Sarcoma
|
0-0: Fielders Choice at 2nd, 3-6 (Groundball, 34, EV 90.6 MPH)
|
Batting: LHB Bartolo Soto
|
0-0: Foul Ball, location: 2F 0-1: Swinging Strike 0-2: Grounds into double play, 6-4-3 (Groundball, 6, EV 105.0 MPH)
|
Top of the 3rd over - 2 runs, 2 hits, 0 errors, 0 left on base; Nashville 6 - Montana 2 |
BOTTOM OF THE 3RD |
Montana Pandas batting - Pitching for Nashville Outlaws : RHP Ramón Flores
|
Batting: RHB José Santos
|
0-0: Ball 1-0: Ground out 1-3 (Groundball, 13, EV 90.6 MPH)
|
Batting: SHB Gerrie Bond
|
0-0: Called Strike 0-1: Ball 1-1: Foul Ball, location: 2F 1-2: Ground out 4-3 (Groundball, 4M, EV 81.9 MPH)
|
Batting: RHB Holden Ford
|
0-0: Ball 1-0: Foul Ball, location: 2F 1-1: Fly out, F8 (Flyball, 8RM, EV 87.5 MPH)
|
Bottom of the 3rd over - 0 runs, 0 hits, 0 errors, 0 left on base; Nashville 6 - Montana 2 |
TOP OF THE 4TH |
Nashville Outlaws batting - Pitching for Montana Pandas : RHP Salvador Sagastizabal
|
Batting: LHB Duff Eckstein
|
0-0: Swinging Strike 0-1: Called Strike 0-2: Ground out 4-3 (Groundball, 4, EV 106.2 MPH)
|
Batting: LHB Wilson Hernández
|
0-0: Ball 1-0: Ball 2-0: Ground out 1-3 (Groundball, 34S, EV 90.0 MPH)
|
Batting: LHB Daniel Page
|
0-0: Ball 1-0: Foul Ball, location: 2F 1-1: Foul Ball, location: 2F 1-2: Ball 2-2: Foul Ball, location: 2F 2-2: Foul Ball, location: 2F 2-2: SINGLE (Line Drive, 9S, EV 101.9 MPH)
|
Batting: LHB Juan Santángel
|
0-0: Called Strike Daniel Page is caught stealing 2nd base 2-6
|
Top of the 4th over - 0 runs, 1 hit, 0 errors, 0 left on base; Nashville 6 - Montana 2 |
BOTTOM OF THE 4TH |
Montana Pandas batting - Pitching for Nashville Outlaws : RHP Ramón Flores
|
Batting: LHB Dean Jackson
|
0-0: Foul Ball, location: 2F 0-1: Foul Ball, location: 2F 0-2: Foul Ball, location: 2F 0-2: Ball 1-2: Ball 2-2: Fly out, F7 (Flyball, 78M, EV 89.4 MPH)
|
Batting: LHB Bharti Mona
|
0-0: SINGLE (Groundball, 4MD, EV 98.8 MPH)
|
Batting: RHB Tony Randolph
|
0-0: Swinging Strike 0-1: Foul Ball, location: 2F 0-2: SINGLE (Line Drive, 8RS, EV 102.5 MPH) Bharti Mona to second
|
Batting: LHB Robbie Brendle
|
0-0: Ball 1-0: Ball 2-0: Called Strike 2-1: Fly out, F8 (Flyball, 8RD, EV 83.8 MPH)
|
Batting: SHB Chris Piña
|
0-0: Ball 1-0: Foul Ball, location: 2F 1-1: Foul Ball, location: 2F 1-2: Fly out, F6 (Popup, 6D, EV 66.2 MPH)
|
Bottom of the 4th over - 0 runs, 2 hits, 0 errors, 2 left on base; Nashville 6 - Montana 2 |
TOP OF THE 5TH |
Nashville Outlaws batting - Pitching for Montana Pandas : RHP Salvador Sagastizabal
|
Batting: LHB Juan Santángel
|
0-0: Ball 1-0: DOUBLE (Groundball, 3L, EV 107.5 MPH)
|
Batting: LHB Nikolai Volkoff
|
0-0: Called Strike 0-1: Ball 1-1: Ball 2-1: Fly out, F9 (Flyball, 9S, EV 88.1 MPH)
|
Batting: RHB Shimei Miura
|
0-0: Foul Ball, location: 2F 0-1: Swinging Strike 0-2: Ball 1-2: Strikes out looking
|
Batting: RHB Jong-yun Rhee
|
0-0: Ground out 6-3 (Groundball, 6MS, EV 70.0 MPH)
|
Top of the 5th over - 0 runs, 1 hit, 0 errors, 1 left on base; Nashville 6 - Montana 2 |
BOTTOM OF THE 5TH |
Montana Pandas batting - Pitching for Nashville Outlaws : RHP Ramón Flores
|
Batting: LHB António Casas
|
0-0: Called Strike 0-1: Ground out U3 (Groundball, 3, EV 84.4 MPH)
|
Batting: RHB José Santos
|
0-0: Called Strike 0-1: Ball 1-1: Fly out, F8 (Flyball, 89D, EV 96.9 MPH)
|
Batting: SHB Gerrie Bond
|
0-0: Swinging Strike 0-1: DOUBLE (Line Drive, 7LM, EV 111.2 MPH)
|
Batting: RHB Holden Ford
|
0-0: Ball 1-0: Ground out 6-3 (Groundball, 6, EV 100.0 MPH)
|
Bottom of the 5th over - 0 runs, 1 hit, 0 errors, 1 left on base; Nashville 6 - Montana 2 |
TOP OF THE 6TH |
Nashville Outlaws batting - Pitching for Montana Pandas : RHP Salvador Sagastizabal
|
Batting: RHB Broderick Sarcoma
|
0-0: Ball 1-0: Fly out, F3 (Popup, 23F, EV 75.6 MPH)
|
Batting: LHB Bartolo Soto
|
0-0: Ball 1-0: DOUBLE (Groundball, 5L, EV 106.9 MPH)
|
Pitching: RHP Miguel Rodríguez
|
|
Batting: LHB Duff Eckstein
|
0-0: Ball 1-0: Ball 2-0: Foul Ball, location: 2F 2-1: Swinging Strike 2-2: Strikes out swinging
|
Batting: LHB Wilson Hernández
|
0-0: Ball 1-0: Ball 2-0: SINGLE (Groundball, 4MD, EV 99.4 MPH) Bartolo Soto to third Runner from 3rd tries for Home, SAFE, throw by CF to home
|
Batting: LHB Daniel Page
|
0-0: Ball 1-0: DOUBLE (Flyball, 8RD, EV 89.4 MPH) Wilson Hernández to third Runner from 3rd tries for Home, SAFE, throw by CF to home
|
Batting: LHB Juan Santángel
|
0-0: Ball 1-0: Foul Ball, location: 2F 1-1: Fly out, F9 (Flyball, 9S, EV 85.0 MPH)
|
Top of the 6th over - 2 runs, 3 hits, 0 errors, 1 left on base; Nashville 8 - Montana 2 |
BOTTOM OF THE 6TH |
Montana Pandas batting - Pitching for Nashville Outlaws : RHP Ramón Flores
|
Batting: LHB Dean Jackson
|
0-0: Ball 1-0: Ball 2-0: Fly out, F8 (Flyball, 89D, EV 103.8 MPH)
|
Batting: LHB Bharti Mona
|
0-0: Foul Ball, location: 2F 0-1: Ground out 1-3 (Groundball, 34S, EV 86.9 MPH)
|
Batting: RHB Tony Randolph
|
0-0: Ball 1-0: Swinging Strike 1-1: SINGLE (Line Drive, 8RS, EV 107.5 MPH)
|
Batting: LHB Robbie Brendle
|
0-0: Foul Ball, location: 2F 0-1: Ball Wild Pitch! Tony Randolph to second 1-1: Fly out, F9 (Flyball, 9, EV 81.9 MPH)
|
Bottom of the 6th over - 0 runs, 1 hit, 0 errors, 1 left on base; Nashville 8 - Montana 2 |
TOP OF THE 7TH |
Nashville Outlaws batting - Pitching for Montana Pandas : RHP Miguel Rodríguez
|
Batting: LHB Nikolai Volkoff
|
0-0: Called Strike 0-1: Ball 1-1: Called Strike 1-2: Ball 2-2: Ground out 4-3 (Groundball, 4, EV 101.9 MPH)
|
Batting: RHB Shimei Miura
|
0-0: Foul Ball, location: 2F 0-1: Ball 1-1: Ball 2-1: Ground out 6-3 (Groundball, 6, EV 111.2 MPH)
|
Batting: RHB Jong-yun Rhee
|
0-0: Swinging Strike 0-1: Ball 1-1: Called Strike 1-2: Strikes out looking
|
Top of the 7th over - 0 runs, 0 hits, 0 errors, 0 left on base; Nashville 8 - Montana 2 |
BOTTOM OF THE 7TH |
Montana Pandas batting - Pitching for Nashville Outlaws : RHP Ramón Flores
|
Batting: SHB Chris Piña
|
0-0: Foul Ball, location: 2F 0-1: Ball 1-1: Called Strike 1-2: Foul Ball, location: 2F 1-2: SINGLE (Groundball, 6D, EV 94.4 MPH)
|
Batting: LHB António Casas
|
0-0: Ball 1-0: Ball 2-0: Fly out, F8 (Flyball, 8RS, EV 83.1 MPH)
|
Batting: RHB José Santos
|
0-0: Fly out, F9 (Flyball, 89S, EV 81.9 MPH)
|
Batting: SHB Gerrie Bond
|
0-0: Fly out, F3 (Line Drive, 3, EV 65.6 MPH)
|
Bottom of the 7th over - 0 runs, 1 hit, 0 errors, 1 left on base; Nashville 8 - Montana 2 |
TOP OF THE 8TH |
Nashville Outlaws batting - Pitching for Montana Pandas : RHP Miguel Rodríguez
|
Batting: RHB Broderick Sarcoma
|
0-0: Fly out, F8 (Flyball, 8LM, EV 84.4 MPH)
|
Batting: LHB Bartolo Soto
|
0-0: Ball 1-0: Reached on error, E3 (Line Drive, 3, EV 66.9 MPH)
|
Pitching: RHP Morton Steele
|
|
Batting: LHB Duff Eckstein
|
0-0: Fly out, F9 (Flyball, 9S, EV 82.5 MPH)
|
Batting: LHB Wilson Hernández
|
0-0: Ball 1-0: Ball 2-0: Called Strike 2-1: Fly out, F8 (Flyball, 89M, EV 81.9 MPH)
|
Top of the 8th over - 0 runs, 0 hits, 1 error, 1 left on base; Nashville 8 - Montana 2 |
BOTTOM OF THE 8TH |
Montana Pandas batting - Pitching for Nashville Outlaws : RHP Ramón Flores
|
Batting: RHB Holden Ford
|
0-0: Swinging Strike 0-1: Ball 1-1: Foul Ball, location: 2F 1-2: Fly out, F7 (Flyball, 78M, EV 88.1 MPH)
|
Batting: LHB Dean Jackson
|
0-0: DOUBLE (Line Drive, 78D, EV 105.6 MPH)
|
Batting: LHB Bharti Mona
|
0-0: Ball 1-0: Ball 2-0: Ball 3-0: Fly out, F9 (Flyball, 8RS, EV 79.4 MPH)
|
Batting: RHB Tony Randolph
|
0-0: Ball 1-0: DOUBLE (Flyball, 78D, EV 104.4 MPH) Dean Jackson scores
|
Batting: LHB Robbie Brendle
|
0-0: Called Strike 0-1: Foul Ball, location: 2F 0-2: 2-RUN HOME RUN (Flyball, 9D, EV 100.0 MPH), Distance : 345 ft
|
Pitching: LHP Bob Bolen
|
|
Batting: SHB Chris Piña
|
0-0: Ball 1-0: Called Strike 1-1: Ball 2-1: Ball 3-1: Foul Ball, location: 2F 3-2: Fly out, F8 (Flyball, 8RS, EV 93.1 MPH)
|
Bottom of the 8th over - 3 runs, 3 hits, 0 errors, 0 left on base; Nashville 8 - Montana 5 |
TOP OF THE 9TH |
Nashville Outlaws batting - Pitching for Montana Pandas : RHP Morton Steele
|
Batting: LHB Daniel Page
|
0-0: Ball 1-0: Foul Ball, location: 2F 1-1: Called Strike 1-2: Foul Ball, location: 2F 1-2: Fly out, F8 (Flyball, 8LD, EV 85.0 MPH)
|
Batting: LHB Juan Santángel
|
0-0: Ball 1-0: Foul Ball, location: 2F 1-1: Ball 2-1: SINGLE (Line Drive, 4MD, EV 102.5 MPH)
|
Batting: LHB Nikolai Volkoff
|
0-0: Ball Juan Santángel is caught stealing 2nd base 2-6 1-0: Called Strike 1-1: Ball 2-1: Swinging Strike 2-2: Strikes out swinging
|
Top of the 9th over - 0 runs, 1 hit, 0 errors, 0 left on base; Nashville 8 - Montana 5 |
BOTTOM OF THE 9TH |
Montana Pandas batting - Pitching for Nashville Outlaws : LHP Bob Bolen
|
Batting: LHB António Casas
|
0-0: Ball 1-0: Foul Ball, location: 2F 1-1: Ball 2-1: Ball 3-1: Fly out, F8 (Flyball, 89M, EV 73.8 MPH)
|
Batting: RHB José Santos
|
0-0: Ball 1-0: Ball 2-0: Foul Ball, location: 2F 2-1: Called Strike 2-2: Ball 3-2: Foul Ball, location: 2F 3-2: Base on Balls
|
Batting: SHB Gerrie Bond
|
0-0: Ball 1-0: Ball 2-0: Foul Ball, location: 2F 2-1: Swinging Strike 2-2: Foul Ball, location: 2F 2-2: Ball 3-2: Strikes out looking José Santos is caught stealing 2nd base 2-4 Batter strikes out.
|
Bottom of the 9th over - 0 runs, 0 hits, 0 errors, 0 left on base; Nashville 8 - Montana 5 |
|